 Dungeon Crawl Stone Soup version 0.26.0-15-gc6cd9f7 (webtiles) character file.

Game seed: 3180744069101545222

13652 garbled the Geomancer (level 11, -4/81 HPs)
             Began as a Vampire Earth Elementalist on Jan 22, 2021.
             Was an Elder of Sif Muna.
             Slain by a manticore (14 damage)
             ... on level 12 of the Dungeon.
             The game lasted 00:59:42 (15646 turns).

garbled the Geomancer (Vampire Earth Elementalist) Turns: 15646, Time: 00:59:43

Health: -4/81      AC: 10    Str:  5    XL:     11   Next: 78%
Magic:  5/28       EV: 17    Int: 21    God:    Sif Muna [****..]
Gold:   93         SH:  8    Dex: 19    Spells: 2/21 levels left

rFire    . . .     SeeInvis +   w - +11 dagger of Amortisation {vorpal, MP+9 Dex+4 Stlth+}
rCold    + . .     Faith    .   A - +2 buckler
rNeg     . . .     Spirit   .   E - +1 robe {rC+}
rPois    +         Reflect  .   h - +1 hat {SInv}
rElec    +         Harm     .   x - +1 cloak {rPois}
rCorr    +         Rampage  .   P - +2 pair of gloves
Will     +....     Clarity  +   q - +0 pair of boots
Stlth    +++++.....             (no amulet)
HPRegen  0.43/turn              y - ring of resist corrosion
MPRegen  0.21/turn              (no ring)

@: barbed spikes, very slightly contaminated, regenerating quickly
A: fangs 3, see invisible, clarity, poison resistance, electricity resistance,
weak 1, unbreathing
a: Exsanguinate, Renounce Religion, Channel Magic, Forget Spell, Divine Exegesis


You were on level 12 of the Dungeon.
You worshipped Sif Muna.
Sif Muna was greatly pleased with you.
You visited 1 branch of the dungeon, and saw 12 of its levels.
You also visited: Sewer.

You collected 703 gold pieces.
You spent 610 gold pieces at shops.

Inventory:

Hand Weapons
 w - the +11 dagger of Amortisation (weapon) {vorpal, MP+9 Dex+4 Stlth+}
   (You bought it in a shop on level 4 of the Dungeon)

   It inflicts extra damage upon your enemies.
   It affects your dexterity (+4).
   It affects your magic capacity (+9).
   It makes you more stealthy.
 D - a +1 dagger of venom
 H - the +8 mithril axe "Arga" {speed, Will+}
   (You found it on level 7 of the Dungeon)

   Attacks with this weapon are significantly faster.
   It affects your willpower, your defense against some magical effects.
 Q - a +1 scimitar of electrocution
Missiles
 b - 216 stones
 e - 63 poisoned darts
 I - 7 silver boomerangs
Armour
 h - a +1 hat of see invisible (worn)
 q - a +0 pair of boots (worn)
 x - a +1 cloak of poison resistance (worn)
 A - a +2 buckler (worn)
 E - a +1 robe of cold resistance (worn)
 P - a +2 pair of gloves (worn)
Magical Staves
 r - an uncursed staff of fire
Jewellery
 y - a ring of resist corrosion (left hand)
 B - an uncursed ring of ice
 J - a +6 ring of dexterity {unknown}
 S - an uncursed ring of protection from fire {unknown}
Wands
 j - a wand of enslavement (3)
 n - a wand of random effects (61)
 s - a wand of polymorph (9)
 F - a wand of iceblast (14)
 K - a wand of digging (4)
Scrolls
 a - a scroll of random uselessness
 c - a scroll of silence {unknown}
 d - 2 scrolls of magic mapping {unknown}
 f - 2 scrolls of immolation
 g - a scroll of enchant weapon
 i - a scroll of enchant armour {unknown}
 k - 6 scrolls of teleportation
 l - a scroll of fog
 p - 9 scrolls of remove curse
 z - 3 scrolls of fear
 G - 3 scrolls of identify
Potions
 m - 3 potions of flight
 o - 3 potions of curing
 t - 2 potions of lignification
 u - 2 potions of ambrosia
 v - 2 potions of brilliance
 C - a potion of invisibility
 L - a potion of magic
 M - 2 potions of resistance
 N - 3 potions of cancellation
 O - 2 potions of haste
Miscellaneous
 R - a box of beasts


   Skills:
 + Level 6.0 Fighting
 - Level 6.0 Short Blades
 - Level 6.1 Dodging
 * Level 6.5 Stealth
 - Level 4.0 Shields
 + Level 5.9 Spellcasting
 - Level 3.0 Conjurations
 - Level 5.0 Summonings
 - Level 1.1 Transmutations
 - Level 5.0 Air Magic
 * Level 8.8 Earth Magic
 + Level 6.7 Invocations


You had 2 spell levels left.
You knew the following spells:

 Your Spells              Type           Power        Failure   Level
a - Sandblast             Erth           86%          1%          1
b - Passwall              Tmut/Erth      22%          1%          2
c - Stone Arrow           Conj/Erth      62%          2%          3
d - Lee's Rapid Deconstr  Erth           21%          7%          5
e - Petrify               Tmut/Erth      27%          13%         4
f - Summon Lightning Spi  Summ/Air       27%          13%         4

Your spell library contained the following spells:

 Spells                   Type           Power        Failure   Level
 Call Imp                 Summ           27%          1%          2
 Magic Dart               Conj           72%          3%          1
 Searing Ray              Conj           36%          4%          2
 Corona                   Hex            6%           10%         1
 Blink                    Tloc           N/A          16%         2
 Ensorcelled Hibernation  Hex/Ice        12%          16%         2
 Slow                     Hex            6%           16%         2
 Mephitic Cloud           Conj/Pois/Air  17%          10%         3
 Conjure Flame            Conj/Fire      12%          16%         3
 Dazzling Flash           Conj/Hex       24%          16%         3
 Confusing Touch          Hex            6%           30%         3
 Gell's Gravitas          Tloc           3%           30%         3
 Tukima's Dance           Hex            6%           30%         3
 Fulminant Prism          Conj/Hex       6%           47%         4
 Yara's Violent Unravell  Hex/Tmut       4%           91%         5
 Metabolic Englaciation   Hex/Ice        3%           95%         5
 Malign Gateway           Summ/Tloc      8%           100%        7


Dungeon Overview and Level Annotations

Branches:
Dungeon (12/15)            Temple (0/1) D:4            Lair (0/6) D:8
    Orc (0/2) D:11          Sewer (visited)

Altars:
Ashenzari
Cheibriados
Elyvilon
Fedhas
Gozag
Kikubaaqudgha
Makhleb
Qazlal
Sif Muna
Uskayaw
Wu Jian
Jiyva

Shops:
D:4 *   D:5 (   D:7 (*!   D:9 *   D:10 [   D:11 (

Annotations:
D:6 3 runed translucent doors, bogs101's ghost, novice DEWz
D:8 2 transporters
D:10 2 transporters, yakattack's ghost, journeyman OpVM


Innate Abilities, Weirdness & Mutations

Your natural rate of healing is unusually fast.
You have razor-sharp teeth.
You have supernaturally acute eyesight. (SInv)
You can survive without breathing.
You possess an exceptional clarity of mind.
Your system is resistant to poisons. (rPois)
You are resistant to electric shocks. (rElec)
You are weak. (Str -2)


Message History

The manticore is moderately wounded.
The blast of rock fragments hits the manticore.
The manticore is severely wounded.
The manticore bites you!!
* * * LOW HITPOINT WARNING * * *
The manticore claws you.
* * * LOW HITPOINT WARNING * * *
The manticore closely misses you.
Unknown command.
Unknown command.
Casting: Lee's Rapid Deconstruction (dangerous; 7% risk of failure)
Confirm with . or Enter, or press ? or * to list all spells.
Aiming: Lee's Rapid Deconstruction (dangerous; 7% risk of failure)
Press: ? - help, Dir - move target A rock wall.
You miscast Lee's Rapid Deconstruction.
You are very lightly contaminated with residual magic.
The floor shifts beneath you alarmingly.
The manticore bites you!
You die...

# ### . ..# W##.# .#.### #..#
#.... .. #...#.... .[.
#..#.##H# #.# #..#.##H# #.#
#..#.##@# #H# #
#..#.##.#####.###.####
#..#.##...............
#########..#.##.####......W..#
#..........#.##.# #..###.##.#
#.####..........####..#
#.###............# #.#
#####.>####.## #.#
#..####.####.#


You could see 2 manticores.

Vanquished Creatures
  Gastronok (D:9)
  Fannar (D:10)
  A two-headed ogre (D:11)
  Nergalle (D:10)
  An unseen horror (D:10)
  An ugly thing (D:11)
  A manticore (D:12)
  A centaur zombie (D:12)
  A meliai zombie (D:11)
  A wyvern (D:12)
  A wraith (D:10)
  11 yaks
  Sigmund (D:3)
  Edmund (D:6)
  3 water moccasins
  3 sky beasts
  An ice beast (D:5)
  3 black bears
  3 orc warriors
  A necrophage (D:10)
  2 centaurs
  5 ogres
  2 eyes of draining
  11 bullfrogs
  A wyvern zombie (D:10)
  A water moccasin zombie (D:12)
  7 scorpions
  13 wights
  5 howler monkeys
  3 bullfrog zombies
  3 hounds
  4 jellies
  7 orc priests
  3 centaur skeletons
  12 orc wizards
  A bullfrog skeleton (D:4)
  Jessica (D:3)
  An iguana (D:9)
  Natasha (thrice) (D:3)
  6 worker ants
  A worker ant zombie (D:10)
  3 gnolls (D:5)
  10 adders
  A river rat (D:5)
  5 shadow imps
  A white imp (D:6)
  2 ufetubi (D:7)
  6 oozes
  An adder zombie (D:8)
  8 worms
  4 dart slugs
  5 leopard geckos
  31 orcs
  8 giant cockroaches
  4 goblins
  5 hobgoblins
  16 jackals
  7 quokkas
  4 ball pythons
  11 bats
  4 frilled lizards
  A jackal skeleton (D:4)
  10 kobolds
  A leopard gecko zombie (D:6)
  A quokka skeleton (D:9)
  A quokka zombie (D:5)
  8 rats
288 creatures vanquished.

Vanquished Creatures (collateral kills)
  A two-headed ogre (D:11)
  6 yaks
  3 orc wizards
  4 worker ants
  An adder (D:10)
  A white imp (D:10)
  7 orcs (D:11)
23 creatures vanquished.

Vanquished Creatures (others)
  32 fungi (D:8)
  35 plants (D:8)
67 creatures vanquished.

Grand Total: 378 creatures vanquished

Notes
Turn   | Place    | Note
-------+----------+-------------------------------------------
     0 | D:1      | garbled the Vampire Earth Elementalist began the quest for
                  | the Orb.
     0 | D:1      | Reached XP level 1. HP: 13/13 MP: 3/3
   305 | D:1      | Reached XP level 2. HP: 20/20 MP: 0/5
   308 | D:1      | Learned a level 2 spell: Passwall
  1057 | D:2      | Reached XP level 3. HP: 25/25 MP: 4/6
  1120 | D:2      | Learned a level 3 spell: Stone Arrow
  1274 | D:2      | Found an ancient bone altar of Kikubaaqudgha.
  1274 | D:2      | Found a broken altar of Ashenzari.
  1275 | D:2      | Found a blossoming altar of Fedhas.
  1275 | D:2      | Found a shimmering blue altar of Sif Muna.
  1282 | D:2      | Became a worshipper of Sif Muna the Loreminder
  1329 | D:2      | Reached skill level 1 in Fighting
  1526 | D:2      | Reached skill level 1 in Invocations
  1526 | D:2      | Reached XP level 4. HP: 27/32 MP: 3/8
  1594 | D:2      | Reached skill level 1 in Conjurations
  2119 | D:3      | Reached * piety under Sif Muna
  2270 | D:3      | Reached XP level 5. HP: 16/37 MP: 3/9
  2297 | D:3      | Gained mutation: You are resistant to electric shocks.
                  | (rElec) [potion of mutation]
  2297 | D:3      | Gained mutation: You are weak. (Str -2) [potion of
                  | mutation]
  2297 | D:3      | Gained mutation: Your system is resistant to poisons.
                  | (rPois) [potion of mutation]
  2297 | D:3      | Gained mutation: You possess an exceptional clarity of
                  | mind. [potion of mutation]
  2436 | D:3      | Noticed Sigmund
  2442 | D:3      | Killed Sigmund
  2443 | D:3      | Reached XP level 6. HP: 30/44 MP: 3/10
  2938 | D:3      | Found a hide-covered altar of Uskayaw.
  3080 | D:3      | Found a stormy altar of Qazlal.
  3315 | D:3      | Noticed Natasha
  3325 | D:3      | Killed Natasha
  3535 | D:3      | Noticed Natasha
  3538 | D:3      | Killed Natasha
  3655 | D:3      | Noticed Jessica
  3658 | D:3      | Killed Jessica
  3658 | D:3      | Reached ** piety under Sif Muna
  3659 | D:3      | Reached skill level 4 in Earth Magic
  3717 | D:3      | Noticed Natasha
  3722 | D:3      | Killed Natasha
  4215 | D:4      | Found a white marble altar of Elyvilon.
  4275 | D:4      | Reached XP level 7. HP: 51/51 MP: 4/12
  4894 | D:4      | Found a stormy altar of Qazlal.
  5065 | D:4      | Found Necall's Assorted Antiques.
  5073 | D:4      | Bought a crude dagger for 133 gold pieces
  5075 | D:4      | Identified the +11 dagger of Amortisation {vorpal, MP+9
                  | Dex+4 Stlth+} (You bought it in a shop on level 4 of the
                  | Dungeon)
  5186 | D:4      | Found a staircase to the Ecumenical Temple.
  5226 | D:5      | Entered Level 5 of the Dungeon
  5335 | D:5      | Reached skill level 1 in Short Blades
  5476 | D:5      | Reached skill level 5 in Earth Magic
  5481 | D:5      | Found Qehob's Weapon Shoppe.
  5488 | D:5      | Reached XP level 8. HP: 58/58 MP: 7/14
  5795 | D:5      | Identified a scroll of acquirement
  5795 | D:5      | Acquired a +1 cloak of poison resistance
  5904 | D:5      | Found a glowing drain.
  5915 | Sewer    | Entered a sewer
  5962 | Sewer    | Reached *** piety under Sif Muna
  6793 | D:6      | Reached skill level 1 in Shields
  7014 | D:6      | Found a runed translucent gate.
  7016 | D:6      | Found a runed translucent gate.
  7025 | D:6      | Found a runed translucent gate.
  7027 | D:6      | Noticed bogs101's ghost (novice DEWz)
  7076 | D:6      | Noticed Edmund
  7303 | D:6      | Found a snail-covered altar of Cheibriados.
  7614 | D:6      | Killed Edmund
  7868 | D:6      | Reached skill level 6 in Earth Magic
  8152 | D:7      | Reached skill level 5 in Invocations
  8287 | D:7      | Found the +8 mithril axe "Arga" {speed, Will+}
  8293 | D:7      | Reached XP level 9. HP: 65/65 MP: 15/15
  8304 | D:7      | Found Zaraur's General Store.
  8345 | D:7      | Found Loxut's Antique Weapon Boutique.
  8382 | D:7      | Reached **** piety under Sif Muna
  9046 | D:7      | Found Bueruisy's Distillery.
  9053 | D:7      | Learned a level 5 spell: Lee's Rapid Deconstruction
  9058 | D:7      | Learned a level 4 spell: Petrify
  9061 | D:7      | Bought a potion of magic for 128 gold pieces
  9061 | D:7      | Bought a potion of heal wounds for 80 gold pieces
  9061 | D:7      | Bought a potion of curing for 48 gold pieces
 10102 | D:8      | Found a staircase to the Lair.
 10279 | D:8      | Found an opulent altar of Gozag.
 10664 | D:8      | Found an ornate altar of the Wu Jian Council.
 10775 | D:8      | Found a transporter.
 10776 | D:8      | Noticed a great orb of eyes
 10777 | D:8      | Found a transporter.
 10777 | D:8      | Found a viscous altar of Jiyva.
 10956 | D:9      | Reached skill level 5 in Short Blades
 11096 | D:9      | Found Gozag's Platinum Reserve.
 11096 | D:9      | Found an opulent altar of Gozag.
 11184 | D:9      | Reached XP level 10. HP: 73/73 MP: 7/17
 11333 | D:9      | Reached ***** piety under Sif Muna
 11370 | D:9      | Noticed Gastronok
 11430 | D:9      | Killed Gastronok
 11431 | D:9      | Reached skill level 5 in Fighting
 11431 | D:9      | Reached skill level 5 in Dodging
 11431 | D:9      | Reached skill level 5 in Spellcasting
 11431 | D:9      | Reached skill level 7 in Earth Magic
 11655 | D:9      | Found a burning altar of Makhleb.
 11985 | D:9      | Identified Sif Muna's Almanac of the Excruciating Escort
                  | (Sif Muna gifted it to you on level 9 of the Dungeon)
 11985 | D:9      | Received a gift from Sif Muna
 11992 | D:9      | Learned a level 4 spell: Summon Lightning Spire
 12088 | D:10     | Entered Level 10 of the Dungeon
 12099 | D:10     | Noticed an unseen horror
 12114 | D:10     | Killed an unseen horror
 12295 | D:10     | Noticed Nergalle
 12311 | D:10     | Killed Nergalle
 12441 | D:10     | Noticed Fannar
 12447 | D:10     | HP: 1/74 [Fannar/bolt of cold (35)]
 12639 | D:10     | Found a transporter.
 12644 | D:10     | Noticed yakattack's ghost (journeyman OpVM)
 12655 | D:10     | Found a transporter.
 12690 | D:10     | Killed Fannar
 12691 | D:10     | Reached XP level 11. HP: 24/80 MP: 19/19
 13290 | D:10     | Found Cynlyone's Armour Emporium.
 13405 | D:10     | Reached skill level 5 in Summonings
 13748 | D:11     | Reached skill level 5 in Air Magic
 14016 | D:11     | Noticed a green ugly thing
 14053 | D:11     | Killed a green ugly thing
 14185 | D:11     | Found Vyttoav's Weapon Boutique.
 14185 | D:11     | Noticed a two-headed ogre
 14192 | D:11     | Killed a two-headed ogre
 14193 | D:11     | Reached skill level 8 in Earth Magic
 14280 | D:11     | Bought a +1 scimitar of electrocution for 221 gold pieces
 14338 | D:11     | Found a staircase to the Orcish Mines.
 14805 | D:11     | Noticed a two-headed ogre
 14816 | D:11     | Killed a two-headed ogre
 14817 | D:11     | Reached skill level 5 in Stealth
 15646 | D:12     | Slain by a manticore

Illustrated notes

Levels and vault maps discovered:
D:1:      dpeg_arrival_stonehenge_12_columns, layout_basic
D:2:      layout_basic, chequers_temple_overflow_statue_of_worship,
          grunt_ministairs_1
D:3:      layout_basic, lemuel_coloured_pillars_altar, marbit_many_paths,
          minmay_misc_feat_columns, uniq_natasha, uniq_sigmund, uniq_jessica
D:4:      layout_cave_pools, elyvilon_altar_3, minmay_temple_entry_glassed_door,
          serial_shops, shop, nicolae_qazlal_general_emergency
D:5:      layout_basic, portal_sewer_entry_e, serial_shops, shop_fountains,
          kennysheep_generic_room_5
D:6:      layout_loops_corners, kennysheep_slug_shrine,
          gammafunk_ghost_necromancy, uniq_edmund
D:7:      layout_gridville, serial_shops, shop, kennysheep_mini_moat, shop
D:8:      gammafunk_jiyva_shrine, layout_basic, nicolae_overflow_hidden_temple,
          pdpol_wu_jian_five_deadly_venoms, due_lair_maze_entry_diamond
D:9:      layout_rooms, kennysheep_mini, nicolae_gozag_zags_fifth_avenue,
          uniq_gastronok
D:10:     layout_basic, serial_shops, shop_fountains,
          gammafunk_ghost_stat_death, hangedman_decor_riveting, uniq_nergalle,
          uniq_fannar
D:11:     layout_loops_ring, orc_0_dummy, serial_shops, shop, evilmike_butchery
D:12:     layout_loops_ring, serial_shops, shop

Skill      XL: |  1  2  3  4  5  6  7  8  9 10 11 |
---------------+----------------------------------+-----
Fighting       | 1 2 3 4 5 6 |  6.0
Invocations    | 1 2 3 4 5 6 |  6.7
Conjurations   | 1 2 3 |  3.0
Spellcasting   | 3 4 5 |  5.9
Earth Magic    | 4 5 6 7 8 |  8.8
Short Blades   | 1 3 5 6 |  6.0
Shields        | 2 4 |  4.0
Dodging        | 4 5 6 |  6.1
Summonings     | 4 5 |  5.0
Air Magic      | 4 5 |  5.0
Stealth        | 6 |  6.5
Transmutations | |  1.1

Action                   |  1- 3 |  4- 6 |  7- 9 | 10-12 || total
-------------------------+-------+-------+-------+-------++-------
Melee: Bite              |     1 |     4 |    12 |    15 ||    32
       Short sword       |     1 |       |       |       ||     1
       Whip              |    27 |    49 |     7 |       ||    83
       Dagger            |       |       |   193 |   148 ||   341
 Cast: Sandblast         |    47 |    59 |    29 |     9 ||   144
       Stone Arrow       |       |    27 |   152 |   105 ||   284
       Petrify           |       |       |       |     1 ||     1
       Summon Lightning  |       |       |       |    16 ||    16
       Lee's Rapid Decon |       |       |       |    12 ||    12
Invok: Channel Magic     |       |       |       |     1 ||     1
Evoke: Wand              |       |       |     1 |     2 ||     3
  Use: Scroll            |       |     5 |    15 |     2 ||    22
       Potion            |       |     5 |     1 |     8 ||    14
 Stab: Sleeping          |     3 |       |    10 |     5 ||    18
       Invisible         |       |       |       |     4 ||     4
       Petrified         |       |       |       |     2 ||     2
       Distracted        |       |       |       |     1 ||     1
Armor: Robe              |    12 |    14 |    62 |    39 ||   127
Dodge: Dodged            |    45 |    52 |   129 |    84 ||   310
Block: Buckler           |       |       |    39 |    56 ||    95
